 Dungeon Crawl Stone Soup version 0.31-a0-237-g2d982f9f85 (webtiles) character file.

Game seed: 16448560792315575392

923249 juan097 the Impregnable (level 27, -20/245 HPs)
             Began as a Formicid Fighter on July 11, 2023.
             Was the Champion of the Shining One.
             Killed from afar by a Hell Sentinel (43 damage)
             ... with damnation
             ... in Pandemonium on July 12, 2023.
             The game lasted 06:08:56 (88478 turns).

juan097 the Impregnable (Formicid Fighter)         Turns: 88478, Time: 06:08:57

Health: -20/245    AC: 38    Str: 35    XL:     27
Magic:  4/38       EV: 22    Int:  9    God:    the Shining One [******]
Gold:   7345       SH: 27    Dex: 17    Spells: 27/36 levels left

rFire   + . .        a - +9 great mace (holy)
rCold   + + +        m - +2 tower shield {AC+3}
rNeg    + + +        L - +9 gold dragon scales
rPois   +            (helmet unavailable)
rElec   +            l - +2 cloak {rCorr}
rCorr   +            C - +2 pair of gloves {Str+3}
SInv    +            G - +2 pair of boots of Omission {Regen+}
Will    +++..        Z - amulet of Bokinyt {rC+ Regen+} Stlth
                     i - +5 ring of evasion
HPRegen 2.20/turn    z - ring of the Ban {rElec rN+++ Will+ Str-2 Dex+4, =R}
MPRegen 0.26/turn

%: clarity
@: lethally poisoned (-20 -> -20), weakened, corroded, glowing, studying 2
skills
A: permanent stasis, dig shafts and tunnels, antennae 3, four strong arms,
clarity, cold resistance 1, evolution 1, sturdy frame 1
}: 10/15 runes: serpentine, barnacled, slimy, silver, abyssal, demonic, glowing,
magical, fiery, dark
a: Dig, Renounce Religion, Divine Shield, Cleansing Flame, Summon Divine Warrior


You were in Pandemonium.
You worshipped the Shining One.
The Shining One was exalted by your worship.
You visited 15 branches of the dungeon, and saw 60 of its levels.
You visited Pandemonium 2 times, and saw 14 of its levels.
You visited the Abyss 3 times.
You visited 1 ziggurat, and saw 13 of its levels.
You also visited: Ice Cave and Desolation.

You collected 11910 gold pieces.
You spent 3855 gold pieces at shops.
You donated 710 gold pieces to Zin.

Inventory:

Hand Weapons
 a - a +9 great mace of holy wrath (weapon)
 b - the +2 arbalest "Suizig" {antimagic, Str+4}
   (You bought it in a shop on level 2 of the Orcish Mines)

   Str:       It affects your strength (+4).
 x - a +3 great mace of flaming
Missiles
 e - 3 datura-tipped darts
 k - 9 boomerangs (quivered)
 A - 7 throwing nets
 I - 2 boomerangs of dispersal
 N - a javelin
 T - a silver javelin
Armour
 l - a +2 cloak of preservation (worn)
 m - a +2 tower shield of protection (worn)
 C - a +2 pair of gloves of strength (worn)
 G - the +2 pair of boots of Omission (worn) {Regen+}
   (You found it on level 5 of the Vaults)

   Regen:     It increases your rate of health regeneration.
 L - +9 gold dragon scales (worn)
Jewellery
 i - a +5 ring of evasion (left hand)
 p - the ring of Wiguent {Fly rPois Str+3 Dex+2}
   (You found it in Pandemonium)

   [ring of flight]

   Str:       It affects your strength (+3).
   Dex:       It affects your dexterity (+2).
   rPois:     It protects you from poison.
   Fly:       It grants you flight.
 z - the ring of the Ban (right hand) {rElec rN+++ Will+ Str-2 Dex+4, =R}
   (You found it on level 5 of the Pits of Slime)

   [ring of willpower]

   Str:       It affects your strength (-2).
   Dex:       It affects your dexterity (+4).
   rElec:     It insulates you from electricity.
   rN:        It renders you almost immune to negative energy.
   Will:      It increases your willpower.
 S - the ring "Lodit" {rF+ AC+4 Int+2}
   (You found it on level 3 of the Realm of Zot)

   [ring of protection]

   AC:        It affects your AC (+4).
   Int:       It affects your intelligence (+2).
   rF:        It protects you from fire.
 Y - the ring "Xaso" {rElec rPois rF+ Will+}
   (You found it on level 3 of the Realm of Zot)

   [ring of willpower]

   rF:        It protects you from fire.
   rElec:     It insulates you from electricity.
   rPois:     It protects you from poison.
   Will:      It increases your willpower.
 Z - the amulet of Bokinyt (around neck) {rC+ Regen+}
   (You found it on level 3 of the Crypt)

   [amulet of regeneration]

   rC:        It protects you from cold.
   Regen:     It increases your rate of health regeneration.
Wands
 t - a wand of digging (46)
 D - a wand of light (13)
 M - a wand of roots (42)
 O - a wand of charming (52)
Scrolls
 f - 4 scrolls of vulnerability
 h - 13 scrolls of fog
 u - 2 scrolls of poison
 v - 7 scrolls of fear
 w - 6 scrolls of enchant weapon
 E - 3 scrolls of summoning
 F - a scroll of brand weapon
 K - 4 scrolls of revelation
 P - 4 scrolls of silence
 Q - 14 scrolls of immolation
Potions
 c - a potion of heal wounds
 d - 3 potions of might
 j - 12 potions of attraction
 n - 9 potions of lignification
 o - 4 potions of magic
 r - 3 potions of resistance
 s - 12 potions of curing
 B - 7 potions of mutation
 J - 10 potions of enlightenment
 U - a potion of cancellation
 V - 6 potions of invisibility
Miscellaneous
 y - a phial of floods
 R - a phantom mirror
 X - a condenser vane


   Skills:
 - Level 26.0 Fighting
 - Level 22.0 Maces & Flails
 - Level 8.0 Ranged Weapons
 - Level 20.0 Throwing
 - Level 26.0 Armour
 - Level 16.0 Dodging
 - Level 14.0 Stealth
 - Level 26.0 Shields
 - Level 5.0 Spellcasting
 + Level 10.6 Translocations
 + Level 10.0 Transmutations
 - Level 10.0 Earth Magic
 + Level 23.7 Invocations
 - Level 14.0 Evocations


You had 27 spell levels left.
You knew the following spells:

 Your Spells              Type           Power      Damage    Failure   Level
a - Passwall              Tmut/Erth      16%        N/A       2%          2
b - Passage of Golubria   Tloc           21%        N/A       12%         4
c - Wereblood             Tmut           20%        N/A       2%          2
d - Apportation           Tloc           42%        N/A       1%          1

Your spell library contained the following spells:

 Spells                   Type           Power      Damage    Failure   Level
 Lesser Beckoning         Tloc           42%        N/A       1%          2
 Gell's Gravitas          Tloc           21%        N/A       3%          3
 Teleport Other           Tloc           21%        N/A       3%          3
 Sting                    Tmut/Pois      44%        1d5       12%         1
 Petrify                  Tmut/Erth      20%        N/A       14%         4
 Momentum Strike          Conj/Tloc      22%        3d8       16%         2
 Portal Projectile        Hex/Tloc       22%        N/A       30%         3
 Volatile Blastmotes      Fire/Tloc      22%        2d11      30%         3
 Spider Form              Tmut/Pois      11%        N/A       34%         3
 Stone Arrow              Conj/Erth      22%        3d8       34%         3
 Blade Hands              Tmut           10%        N/A       38%         5
 Lee's Rapid Deconstruct  Erth           10%        3d8*      38%         5
 Ignite Poison            Fire/Tmut/Pois 8%         N/A       56%         3
 Foxfire                  Conj/Fire      8%         2x1d4     65%         1
 Freeze                   Ice            8%         1d3       65%         1
 Kiss of Death            Conj/Necr      8%         2d6       65%         1
 Magic Dart               Conj           8%         1d3       65%         1
 Necrotise                Necr           8%         1d4       65%         1
 Shock                    Conj/Air       8%         1d3       65%         1
 Slow                     Hex            8%         N/A       65%         1
 Summon Small Mammal      Summ           8%         N/A       65%         1
 Iskenderun's Mystic Bla  Conj/Tloc      11%        2d4       71%         4
 Animate Armour           Summ/Erth      22%        N/A       75%         4
 Ice Form                 Ice/Tmut       11%        N/A       75%         4
 Leda's Liquefaction      Hex/Erth       5%         N/A       75%         4
 Call Imp                 Summ           4%         N/A       80%         2
 Cigotuvi's Dreadful Rot  Necr/Pois/Air  4%         N/A       80%         2
 Ensorcelled Hibernation  Hex/Ice        4%         N/A       80%         2
 Poisonous Vapours        Pois/Air       4%         N/A       80%         2
 Scorch                   Fire           4%         2d5       80%         2
 Searing Ray              Conj           4%         2d4       80%         2
 Static Discharge         Conj/Air       4%         2-3/arc   80%         2
 Sublimation of Blood     Necr           2%         N/A       80%         2
 Dispersal                Tloc           10%        N/A       87%         6
 Statue Form              Tmut/Erth      13%        N/A       92%         6
 Call Canine Familiar     Summ           2%         N/A       95%         3
 Confusing Touch          Hex            2%         N/A       95%         3
 Dazzling Flash           Conj/Hex       4%         N/A       95%         3
 Frozen Ramparts          Ice            4%         1d1       95%         3
 Hailstorm                Conj/Ice       2%         3d3       95%         3
 Inner Flame              Hex/Fire       2%         N/A       95%         3
 Mephitic Cloud           Conj/Pois/Air  2%         N/A       95%         3
 Ozocubu's Armour         Ice            2%         N/A       95%         3
 Summon Guardian Golem    Hex/Summ       2%         N/A       95%         3
 Tukima's Dance           Hex            2%         N/A       95%         3
 Vampiric Draining        Necr           2%         2d6       95%         3
 Summon Forest            Summ/Tloc      5%         N/A       96%         5
 Alistair's Intoxication  Tmut/Pois      7%         N/A       97%         5
 Borgnjor's Vile Clutch   Necr/Erth      5%         N/A       97%         5
 Irradiate                Conj/Tmut      5%         3d13      97%         5
 Yara's Violent Unravell  Hex/Tmut       5%         3d4       97%         5
 Airstrike                Air            1%         2d(1-17)  100%        4
 Dispel Undead            Necr           2%         3d7       100%        4
 Flame Wave               Conj/Fire      2%         2d4       100%        4
 Fulminant Prism          Conj/Hex       1%         3d5       100%        4
 Olgreb's Toxic Radiance  Pois           2%         N/A       100%        4
 Sticky Flame             Conj/Fire      2%         2d3       100%        4
 Summon Ice Beast         Ice/Summ       2%         N/A       100%        4
 Agony                    Necr           2%         N/A       100%        5
 Arcjolt                  Conj/Air       1%         1d11      100%        5
 Fireball                 Conj/Fire      1%         3d3       100%        5
 Freezing Cloud           Conj/Ice/Air   1%         6-21      100%        5
 Iskenderun's Battlesphe  Conj           2%         2d6       100%        5
 Metabolic Englaciation   Hex/Ice        1%         N/A       100%        5
 Silence                  Hex/Air        1%         N/A       100%        5
 Summon Mana Viper        Hex/Summ       2%         N/A       100%        5
 Conjure Ball Lightning   Conj/Air       1%         3x3d6     100%        6
 Eringya's Noxious Bog    Tmut/Pois      5%         4d6       100%        6
 Leda's Unmaking          Conj/Erth      5%         9d2       100%        6
 Plasma Beam              Fire/Air       1%         2x1d11    100%        6
 Simulacrum               Ice/Necr       1%         N/A       100%        6
 Starburst                Conj/Fire      1%         6d3       100%        6
 Summon Cactus Giant      Summ           1%         N/A       100%        6
 Dragon Form              Tmut           10%        N/A       100%        7
 Enfeeble                 Hex            1%         N/A       100%        7
 Monstrous Menagerie      Summ           1%         N/A       100%        7
 Orb of Destruction       Conj           1%         9d5       100%        7
 Ozocubu's Refrigeration  Ice            1%         4d7       100%        7
 Spellforged Servitor     Conj/Summ      1%         N/A       100%        7
 Summon Hydra             Summ           1%         N/A       100%        7
 Discord                  Hex            1%         N/A       100%        8
 Disjunction              Tloc           10%        N/A       100%        8
 Ignition                 Fire           1%         3d3       100%        8
 Lehudib's Crystal Spear  Conj/Erth      5%         10d3      100%        8
 Maxwell's Capacitive Co  Air            1%         ∞         100%        8
 Necromutation            Tmut/Necr      5%         N/A       100%        8
 Chain Lightning          Conj/Air       1%         3d1       100%        9
 Blink                    Tloc           Unusable   N/A       N/A         2
 Vhi's Electric Charge    Tloc/Air       Unusable   N/A       N/A         3
 Swiftness                Air            Unusable   N/A       N/A         3

Dungeon Overview and Level Annotations

Branches:
Dungeon (15/15)            Temple (1/1) D:5            Lair (5/5) D:11
 Shoals (4/4) Lair:2        Snake (4/4) Lair:2        Slime (5/5) Lair:4
    Orc (2/2) D:11            Elf (3/3) Orc:2        Vaults (5/5) D:14
  Crypt (3/3) Vaults:2       Tomb (1/3) Crypt:3      Depths (4/4) D:15
   Hell (visited)             Dis (0/7) Hell            Geh (0/7) Hell
    Coc (2/7) Hell            Tar (0/7) Hell            Zot (5/5) Depths:4
  IceCv (visited)         Desolation (visited)

Altars:
Ashenzari
Cheibriados
Dithmenos
Elyvilon
Fedhas
Gozag
Hepliaklqana
Kikubaaqudgha
Makhleb
Nemelex Xobeh
Okawaru
Qazlal
Ru
Sif Muna
Trog
Uskayaw
Vehumet
Wu Jian
Xom
Yredelemnul
Zin
The Shining One
Jiyva

Shops:
D:8 [   D:9 *   D:12 ?   Orc:2 [::(!   Elf:2 [   Snake:1 :   Snake:2 [*:
Snake:4 :=:   Vaults:1 [   Vaults:4 (

Portals:
Hell: Depths:1 Depths:2 Depths:3 Depths:4
Abyss: Depths:1 Depths:2 Depths:3 Depths:4
Pandemonium: Depths:2

Annotations:
D:8 2 runed translucent doors, DivineBovine's ghost, novice MiFi
Zot:3 4 transporters


Innate Abilities, Weirdness & Mutations

You cannot be hasted, slowed, berserked, paralysed or teleported.
You can dig through walls and to a lower floor.
You have a pair of large antennae on your head. (SInv)
Your four strong arms can wield two-handed weapons with a shield.
You possess an exceptional clarity of mind.
Your flesh is cold resistant. (rC+)
You have hidden genetic potential.
Your movements are slightly less encumbered by armour. (ER -2)


Message History

The Hell Sentinel completely misses you.
You block the Hell Sentinel's attack.
You hear a hideous shriek!
Okay, then.
Okay, then.
Okay, then.
Okay, then.
You feel much better.
You feel sick.
The reaper is engulfed in blazing flames.
The reaper closely misses you. The Hell Sentinel gestures at you.
You block the iron shot.
The demonspawn blood saint conjures a destructive force in the name of Makhleb!
The mass of ice explodes!
The iceblast engulfs the Hell Sentinel!
The Hell Sentinel partially resists.
The iceblast engulfs the demonspawn blood saint!!
The iceblast engulfs the green death!!
The green death partially resists.
The iceblast engulfs you! You partially resist.
* * * LOW HITPOINT WARNING * * *
The iceblast engulfs the Hell Sentinel.
Flame seeps out of the Hell Sentinel.
The iceblast engulfs the demonspawn blood saint!!
The demonspawn blood saint dies!
The demonspawn blood saint's corpse shimmers and vanishes!
The fireball explodes!
The fireball engulfs the Hell Sentinel.
The Hell Sentinel completely resists.
The fireball engulfs the demonspawn blood saint.
The demonspawn blood saint completely resists.
The fireball engulfs the green death!
The green death resists.
The green death dies!
The green death shimmers and vanishes!
The fireball engulfs you but does no damage.
The fireball engulfs the Hell Sentinel.
The Hell Sentinel completely resists.
The Hell Sentinel attacks as you move away!
You block the Hell Sentinel's attack.
The Hell Sentinel hits you but does no damage.
You feel sick.
The vault sentinel disappears in a puff of smoke!
The Hell Sentinel gestures at you.
The sphere of damnation explodes!
The damnation engulfs you!!!
You die...

...#...#...#...#.# .
#...#...#...#.#
..#################.#
.....6§§............######
....55§.§...........#.P#..
...5p2§)§.∩............'..
..(.e26§2...........#.P#..
.(.5s2)1............####..
..#.3R#1#@#.#.#.#.#.#.....
.....(.6............#.....
..#.#..5#$#.#.#.#.#.#.s...
....................#.....
######.#.############.....
...# ...... #..P ##'#


You could see a Hell Sentinel (fast, strong, agile, resistant), 2 demonspawn
blood saints, a demonspawn corrupter (berserk, agile, resistant), a reaper
(berserk, fast, agile, weak-willed), a green death (fast, strong, agile,
resistant), 2 blizzard demons, a demonic crawler, a deep elf high priest
(summoned, strong, resistant), an ironbound convoker (summoned, fast, strong,
agile, resistant) and 5 ufetubi.

Vanquished Creatures
  Cerebov (Pan)
  the Royal Jelly (Slime:5)
  Dissolution (Slime:3)
  Gloorx Vloq (Pan)
  Lom Lobon (Pan)
  Mnoleg (Pan)
  6 dread liches
  4 ancient liches
  7 orbs of fire
  Mara (Shoals:3)
  2 juggernauts
  3 royal mummies (Tomb:1)
  The ghost of Miownoin the Impregnable, a master GrFi of Ashenzari (Depths:1)
  Boris (Crypt:3)
  Frederick (Crypt:3)
  6 Killer Klowns
  2 shard shrikes (Zig:8)
  Geryon (Hell)
  4 curse toes
  6 pandemonium lords
  8 golden dragons
  A pearl dragon (Zig:4)
  2 shard shrike zombies
  13 Brimstone Fiends
  6 bone dragons
  4 electric golems
  2 deep elf blademasters (Elf:3)
  20 tentacled monstrosities
  The ghost of epsilonplus the Marksdraconian, an adept DrHu of Okawaru (Depths:1)
  5 Hell Sentinels
  3 Ice Fiends
  A searing wretch (Zig:3)
  9 liches
  8 quicksilver dragons
  2 titans (Vaults:5)
  23 Executioners
  23 Orb Guardians (Zot:5)
  28 acid blobs
  12 ancient champions
  2 deep elf master archers (Elf:3)
  The ghost of Starbright the Brawler, an adept TrBe of Trog (Shoals:4)
  9 death cobs
  An eldritch tentacle (Pan)
  12 sphinxes
  6 tentacled starspawn
  Kirke (Shoals:4)
  12 storm dragons
  6 nagarajas
  3 revenants
  6 tengu reavers
  2 shadow dragons
  13 azure jellies
  Roxanne (Shoals:4)
  12 rockslimes
  6 demonspawn warmongers (Pan)
  10 draconian monks
  2 fenstrider witches (Depths:2)
  An emperor scorpion (Zig:13)
  3 deep elf sorcerers (Elf:3)
  3 narguns
  8 frost giants
  9 draconian knights
  The ghost of Shard1697 the Severer, a journeyman MeBe of Trog (Snake:1)
  8 draconian scorchers
  A frost giant (shapeshifter) (Zig:6)
  Aizul (Vaults:4)
  14 balrugs
  6 fire giants
  4 deep elf elementalists
  12 vault wardens
  6 draconian shifters
  5 curse skulls
  A juggernaut zombie (D:15)
  2 iron dragons
  3 angels
  4 ghost moths
  5 ghouls
  18 ironbound preservers
  A shard shrike simulacrum (Coc:2)
  3 orc warlords
  9 draconian stormcallers
  8 cacodemons (Pan)
  A caustic shrike skeleton (Pan)
  A juggernaut skeleton (Tomb:1)
  5 draconian annihilators
  8 reapers
  12 quicksilver oozes
  6 ironbound thunderhulks
  29 very ugly things
  6 war gargoyles
  18 stone giants
  9 demonspawn corrupters (Pan)
  An elemental wellspring (Depths:2)
  2 ophanim (Abyss:4)
  5 demonspawn blood saints
  8 formless jellyfish
  11 vampire knights
  12 green draconians
  7 demonspawn black suns (Pan)
  3 eleionomae (Depths:2)
  9 deep elf demonologists
  9 black draconians
  3 starflowers (Abyss:4)
  4 deep elf annihilators
  7 dire elephants
  14 lorocyprocas
  8 spark wasps
  22 white draconians
  11 deep elf death magi
  15 red draconians
  A wendigo (Coc:1)
  9 purple draconians
  13 yellow draconians
  3 eidola
  11 ettins
  10 green deaths
  4 crystal guardians
  8 blizzard demons
  6 jiangshi
  Josephine (D:12)
  3 merfolk javelineers (Shoals:4)
  3 entropy weavers
  11 merfolk impalers
  15 fire dragons
  5 mummy priests (Tomb:1)
  2 ragged hierophants (Desolation)
  3 deep elf high priests
  10 yaktaur captains
  11 great orbs of eyes
  The ghost of pokeman the Eclecticist, a journeyman DEHW of Vehumet (D:13)
  An elf skeleton (Crypt:1)
  31 vault guards
  Harold (D:9)
  2 hydras
  5 ogre magi
  2 servants of whispers (Desolation)
  A spriggan air mage (Depths:2)
  4 merfolk avatars
  2 rakshasas (Pan)
  12 ice dragons
  4 ironbound frosthearts
  2 peacekeepers
  6 salamander tyrants
  7 spriggan skeletons
  4 hell beasts
  14 two-headed ogres
  An Orb Guardian zombie (Crypt:2)
  11 centaur warriors
  6 merfolk aquamancers
  12 anacondas
  52 dancing weapons
  2 death knights
  8 deep troll shamans
  7 boulder beetles
  2 alligator snapping turtles
  8 tengu warriors
  10 deep troll earth magi
  9 demonic crawlers (Pan)
  10 hell knights
  6 vampire magi
  5 hell hogs
  2 wretched stars (Abyss:3)
  An orc high priest (Zig:9)
  10 deep elf knights
  18 naga sharpshooters
  19 naga warriors
  6 holy swine (Pan)
  5 shock serpents
  10 skysharks
  7 spriggan berserkers
  2 titan skeletons
  36 soul eaters
  11 sixfirhies (Pan)
  50 sun demons
  5 iron trolls
  3 pharaoh ants (Zig:13)
  5 salamander mystics
  42 skeletal warriors
  9 shadow wraiths
  4 cherubim
  13 sea snakes
  2 spriggan druids
  A spark wasp zombie (Depths:2)
  52 deep trolls
  An orb spider (shapeshifter) (Vaults:5)
  2 orb spiders (Zig:13)
  A bog body (Crypt:2)
  3 shadow demons (Pan)
  A lindwurm (shapeshifter) (Vaults:5)
  2 naga ritualists (Zig:7)
  15 orc knights
  12 wizards
  2 obsidian statues (Zig:11)
  12 phantasmal warriors
  A flayed ghost (Crypt:2)
  5 glowing orange brains
  A fenstrider witch simulacrum (Coc:1)
  8 lindwurms
  A tengu zombie (D:15)
  3 steelbarb worms (Zig:13)
  A sphinx zombie (Crypt:2)
  2 anaconda skeletons (Hell)
  2 spriggan simulacra
  4 bunyip skeletons (Crypt:1)
  20 ironbound convokers
  25 deep elf zephyrmancers
  5 deep elf archers
  2 orc sorcerers
  16 necromancers
  3 orange crystal statues
  23 deep elf pyromancers
  A stone giant zombie (Crypt:3)
  A golden dragon skeleton (Crypt:3)
  8 shining eyes
  2 wolf spiders (Zig:13)
  14 harpies
  8 mana vipers
  5 cyclopes
  13 manticores
  59 ugly things
  An iron dragon zombie (Crypt:3)
  5 oklob plants
  24 moths of wrath
  2 worldbinders (Abyss:3)
  6 fauns
  15 salamanders
  10 elephants
  16 naga magi
  16 orange demons
  3 stone giant skeletons (Crypt:1)
  29 black mambas
  10 merfolk sirens
  A torpor snail (Zig:13)
  10 water nymphs
  9 apocalypse crabs
  27 vault sentinels
  6 guardian serpents
  4 ice statues
  5 eyes of devastation
  118 slime creatures
  Joseph (D:7)
  A rust devil (Pan)
  A torpor snail (shapeshifter) (Vaults:5)
  A black mamba (shapeshifter) (Vaults:5)
  19 cane toads
  32 smoke demons
  An alligator snapping turtle zombie (Crypt:3)
  7 storm dragon simulacra
  An eleionoma skeleton (Crypt:2)
  4 gargoyles
  3 naga skeletons
  A rime drake (Lair:3)
  5 centaur skeletons
  4 dire elephant skeletons (Crypt:1)
  6 hellions
  Maggie (D:8)
  4 spriggan zombies
  4 molten gargoyles (Hell)
  An unseen horror (shapeshifter) (D:14)
  11 yaktaurs
  A kobold demonologist (D:12)
  2 alligator snapping turtle skeletons
  An unseen horror (D:12)
  13 efreet
  3 dryads (Depths:2)
  4 freezing wraiths
  9 komodo dragons
  7 golden dragon simulacra (IceCv)
  A sea snake zombie (Hell)
  A yaktaur (shapeshifter) (D:13)
  6 tormentors
  An anaconda simulacrum (Coc:1)
  An ice devil (Hell)
  A bunyip simulacrum (Crypt:1)
  A minotaur skeleton (Crypt:3)
  A black draconian zombie (Crypt:1)
  A death yak skeleton (Crypt:2)
  2 ancient zymes (Abyss:3)
  A harpy zombie (Hell)
  30 merfolk
  4 tengu conjurers
  A catoblepas skeleton (Crypt:1)
  2 hydra zombies
  An iron giant simulacrum (Coc:1)
  8 guardian mummies
  9 red devils
  6 trolls
  5 polar bears
  13 saltlings (Desolation)
  6 harpy skeletons
  5 tarantellas (Zig:13)
  A tyrant leech (Lair:4)
  6 wind drakes
  2 meliai (Zig:13)
  A tyrant leech (shapeshifter) (Depths:4)
  9 hornets
  15 hellwings
  3 hydra skeletons
  29 blink frogs
  An iron dragon simulacrum (Coc:1)
  A tarantella (shapeshifter) (Elf:3)
  A snapping turtle (shapeshifter) (Zig:6)
  12 snapping turtles
  3 alligator zombies (Hell)
  2 fire dragon zombies (Crypt:3)
  8 raiju
  A stone giant simulacrum (Coc:1)
  A culicivora (Zig:13)
  A fire dragon skeleton (Crypt:1)
  12 wraiths
  53 flying skulls
  A jumping spider (Zig:13)
  24 large abominations
  24 water elementals
  5 small abominations (Abyss:3)
  8 spriggans
  2 ice dragon skeletons
  6 air elementals
  4 ettin skeletons
  3 vampires
  2 black mamba skeletons
  5 shadows
  4 ushabtiu (Tomb:1)
  50 yaks
  3 wyverns
  22 ynoxinuls
  A dire elephant simulacrum (Coc:1)
  19 humans (D:14)
  4 basilisks
  3 fire elementals
  10 golden eyes
  24 neqoxecs
  A golden eye (shapeshifter) (D:13)
  8 redbacks
  A sea snake simulacrum (Hell)
  15 vampire mosquitoes
  7 chaos spawn
  2 steam dragons
  An acid dragon (D:14)
  A harpy simulacrum (Crypt:1)
  A spatial vortex (Abyss:3)
  52 nagas
  10 water moccasins
  A naga zombie (Crypt:3)
  2 two-headed ogre zombies (D:11)
  4 wargs
  2 floating eyes
  2 demonspawn skeletons
  A sky beast (D:8)
  14 orc warriors
  A two-headed ogre skeleton (Crypt:3)
  2 black bears
  2 ice beasts
  25 ogres
  A merfolk simulacrum (Hell)
  6 ice dragon simulacra
  6 boggarts (Vaults:2)
  6 wolves
  16 centaurs
  2 phantoms
  A swamp dragon skeleton (Pan)
  2 kobold brigands
  An elf zombie (Crypt:2)
  6 earth elementals
  2 gnoll sergeants
  12 bullfrogs
  A scorpion (D:7)
  4 necrophages
  2 demonspawn simulacra
  A naga simulacrum (Abyss:3)
  A glowing shapeshifter simulacrum (Zig:8)
  A yaktaur skeleton (Crypt:2)
  11 wights
  11 killer bees
  A warg skeleton (Crypt:1)
  5 lindwurm simulacra (IceCv)
  9 howler monkeys
  A polar bear skeleton (Crypt:1)
  8 electric eels
  3 lava snakes (Lair:3)
  A jelly (D:7)
  2 quasits
  35 starcursed masses
  2 hounds (D:5)
  A bullfrog skeleton (Crypt:1)
  16 orc priests
  3 gnoll boudas
  2 iron imps
  3 sleepcaps
  Jessica (D:2)
  2 iguanas
  A boggart zombie (Crypt:1)
  4 hell rats (Hell)
  12 orc wizards
  6 ogre zombies (D:11)
  18 mummies (Tomb:1)
  A howler monkey zombie (Crypt:1)
  24 gnolls
  A steam dragon zombie (Crypt:1)
  7 adders
  2 shadow imps
  A white imp (D:7)
  4 ufetubi
  10 worms
  55 orcs
  5 ball pythons
  4 bats (D:1)
  9 endoplasms
  3 giant cockroaches (D:1)
  7 hobgoblins
  2 jackals (D:1)
  17 kobolds
  A quokka (D:1)
  2 frilled lizards
  3 goblins
  4 goblin skeletons (D:11)
  2 goblin zombies (D:11)
  A hobgoblin skeleton (D:11)
  2 hobgoblin zombies (D:11)
  2 orc skeletons (D:11)
  14 orc zombies (D:11)
  5 rats
  A rat zombie (Crypt:2)
  A ball lightning (Pan)
  A fire vortex (Lair:3)
  A lurking horror (Abyss:3)
  8 starspawn tentacles
3225 creatures vanquished.

Vanquished Creatures (collateral kills)
  An orb of fire (Zot:5)
  A Killer Klown (Zot:5)
  An Orb Guardian (Zot:5)
  An Executioner (Zig:11)
  An azure jelly (Slime:5)
  Donald (Orc:2)
  A draconian scorcher (Zot:5)
  A red draconian (Zot:5)
  A purple draconian (Zot:5)
  A merfolk aquamancer (Shoals:4)
  An alligator snapping turtle (Zot:5)
  A chaos spawn (Zig:6)
  An orc (Orc:2)
13 creatures vanquished.

Vanquished Creatures (others)
  A caustic shrike (Zot:5)
  An Orb Guardian (Zot:5)
  A death cob (Zot:1)
  An eldritch tentacle (Zot:3)
  A demonspawn warmonger (Pan)
  A draconian knight (Zot:3)
  A deep elf sorcerer (Elf:3)
  A draconian scorcher (Zot:5)
  A draconian shifter (Zot:1)
  2 ghost moths (Pan)
  A demonspawn corrupter (Pan)
  A cacodemon (Pan)
  2 demonspawn black suns (Pan)
  A wendigo (Coc:1)
  3 green deaths (Pan)
  A caustic shrike simulacrum (Coc:1)
  A rakshasa (Pan)
  A vault guard (Vaults:5)
  A merfolk aquamancer (Shoals:4)
  A soul eater (Pan)
  A salamander mystic (Snake:4)
  3 wizards
  A fenstrider witch simulacrum (Coc:1)
  An ironbound convoker (Desolation)
  A deep elf zephyrmancer (Elf:2)
  A smoke demon (Pan)
  2 orange demons
  A bunyip simulacrum (Coc:2)
  A yaktaur (Vaults:5)
  2 hellwings (Pan)
  A tarantella (shapeshifter) (Zig:6)
  A human (Shoals:4)
  A ynoxinul (Pan)
  2 golden eyes
  A chaos spawn (Pan)
  A harpy simulacrum (Coc:1)
  An orc warrior (Vaults:5)
  An ettin simulacrum (Coc:1)
  An orc wizard (D:6)
  A gnoll (D:8)
  18 ball lightnings (Pan)
  A fire vortex (Lair:3)
  16 starspawn tentacles
84 creatures vanquished.

Grand Total: 3322 creatures vanquished

Notes
Turn   | Place    | Note
-------+----------+-------------------------------------------
     0 | D:1      | juan097 the Formicid Fighter began the quest for the Orb.
     0 | D:1      | Reached XP level 1. HP: 18/18 MP: 1/1
   103 | D:1      | Reached XP level 2. HP: 24/24 MP: 2/2
   183 | D:1      | Reached skill level 1 in Stealth
   267 | D:1      | Reached XP level 3. HP: 28/29 MP: 3/3
   319 | D:1      | Found a faded altar of an unknown god.
  1483 | D:2      | Noticed Jessica
  1490 | D:2      | Killed Jessica
  1491 | D:2      | Reached XP level 4. HP: 34/37 MP: 4/4
  1995 | D:3      | Reached XP level 5. HP: 42/42 MP: 5/5
  2065 | D:3      | Found a radiant altar of Vehumet.
  2177 | D:3      | Found a basalt altar of Yredelemnul.
  2182 | D:3      | Found an ancient bone altar of Kikubaaqudgha.
  2188 | D:3      | Found a hide-covered altar of Uskayaw.
  2193 | D:3      | Found a glowing silver altar of Zin.
  2195 | D:3      | Found a bloodstained altar of Trog.
  2200 | D:3      | Found an ornate altar of the Wu Jian Council.
  2698 | D:3      | Became a worshipper of Zin the Law-Giver
  2698 | D:3      | Reached * piety under Zin
  3008 | D:4      | Found a glowing golden altar of the Shining One.
  3228 | D:5      | Entered Level 5 of the Dungeon
  3228 | D:5      | Noticed a centaur
  3237 | D:5      | Killed a centaur
  3238 | D:5      | Reached skill level 5 in Shields
  3238 | D:5      | Reached skill level 1 in Invocations
  3238 | D:5      | Reached XP level 6. HP: 30/48 MP: 6/6
  3307 | D:5      | Reached ** piety under Zin
  3376 | D:5      | Reached XP level 7. HP: 55/55 MP: 8/8
  3689 | D:5      | Found a staircase to the Ecumenical Temple.
  3713 | D:5      | Identified the +3 leather armour "Roroeh" {rN+++ Will+
                  | Slay-5 Stlth+}
  3741 | D:5      | Reached skill level 5 in Maces & Flails
  3777 | D:5      | Reached skill level 5 in Fighting
  3777 | D:5      | Reached XP level 8. HP: 62/62 MP: 10/10
  4217 | D:6      | Reached *** piety under Zin
  4573 | D:6      | Noticed a yak
  4573 | D:6      | Noticed a yak
  4643 | D:6      | Noticed a yak
  4643 | D:6      | Noticed a yak
  4643 | D:6      | Noticed a yak
  4643 | D:6      | Noticed a yak
  4893 | D:6      | Reached XP level 9. HP: 69/69 MP: 12/12
  5541 | D:7      | Reached skill level 1 in Dodging
  5672 | D:7      | Noticed Joseph
  5770 | D:6      | Reached skill level 5 in Invocations
  5781 | D:6      | Reached skill level 5 in Armour
  5788 | D:6      | You fall into a shaft and drop 2 floors!
  5921 | D:6      | Reached XP level 10. HP: 75/77 MP: 14/14
  6064 | D:8      | Found a sacrificial altar of Ru.
  6165 | D:8      | Found Jiroc's Armour Boutique.
  6172 | D:8      | Bought a +1 pair of gloves of strength for 181 gold pieces
  6872 | D:8      | Noticed Maggie
  6896 | D:8      | Killed Maggie
  6926 | D:8      | Found a large runed translucent door.
  6927 | D:8      | Found a large runed translucent door.
  6929 | D:8      | Noticed DivineBovine's ghost (novice MiFi)
  7276 | D:7      | Killed Joseph
  7805 | D:9      | Found a shimmering altar of Xom.
  7878 | D:9      | Reached skill level 10 in Maces & Flails
  7919 | D:9      | Reached **** piety under Zin
  7981 | D:9      | Reached XP level 11. HP: 77/86 MP: 17/17
  8377 | D:9      | Noticed Harold
  8390 | D:9      | Killed Harold
  8483 | D:9      | Found Rira's General Store.
  8492 | D:9      | Bought a scroll of identify for 28 gold pieces
  8492 | D:9      | Bought a wand of roots (4) for 134 gold pieces
  8741 | D:9      | Found a blossoming altar of Fedhas.
  8851 | D:10     | Entered Level 10 of the Dungeon
  8874 | D:10     | Noticed a boulder beetle
  8891 | D:10     | Killed a boulder beetle
  9011 | D:10     | Found a burning altar of Makhleb.
  9353 | D:10     | Reached ***** piety under Zin
  9659 | D:11     | Noticed a brown ugly thing
  9664 | D:11     | Killed a brown ugly thing
  9843 | D:11     | Found a staircase to the Orcish Mines.
 10117 | D:11     | Reached skill level 10 in Shields
 10182 | D:11     | Noticed a cyclops
 10335 | D:11     | Noticed a two-headed ogre
 10362 | D:11     | Killed a two-headed ogre
 10363 | D:11     | Reached XP level 12. HP: 87/92 MP: 18/18
 10510 | D:11     | Found a staircase to the Lair.
 10515 | Lair:1   | Entered Level 1 of the Lair of Beasts
 10611 | Lair:1   | Reached skill level 1 in Evocations
 10636 | Lair:1   | Reached skill level 1 in Throwing
 10757 | Lair:1   | Reached skill level 1 in Ranged Weapons
 11485 | Lair:2   | Found a staircase to the Shoals.
 11986 | Lair:2   | Found a staircase to the Snake Pit.
 12494 | Lair:3   | Reached XP level 13. HP: 94/99 MP: 19/19
 12579 | Lair:3   | Reached ****** piety under Zin
 13748 | Lair:4   | Reached skill level 10 in Invocations
 13838 | Lair:4   | Found a staircase to the Slime Pits.
 14240 | Lair:4   | Reached skill level 10 in Fighting
 14557 | Lair:5   | Entered Level 5 of the Lair of Beasts
 14632 | Lair:4   | HP: 4/103 [skyshark (21)]
 14632 | Lair:4   | HP: 1/103 [skyshark (3)]
 14765 | Lair:4   | Reached skill level 5 in Evocations
 14839 | Lair:4   | Reached XP level 14. HP: 72/110 MP: 22/22
 16290 | Orc:1    | Entered Level 1 of the Orcish Mines
 17153 | Orc:2    | Entered Level 2 of the Orcish Mines
 17211 | Orc:2    | Noticed Donald
 17218 | Orc:2    | Killed Donald
 17301 | Orc:2    | Reached skill level 10 in Evocations
 17439 | Orc:2    | Found Texi's Distillery.
 17456 | Orc:2    | Reached XP level 15. HP: 106/115 MP: 24/24
 17988 | Orc:2    | Found Oblid's Antique Armour Shoppe.
 17988 | Orc:2    | Found Ihet's Book Boutique.
 17989 | Orc:2    | Found Rusaru's Book Boutique.
 17989 | Orc:2    | Found Uzerr's Antique Weapon Emporium.
 18148 | Orc:2    | Found a staircase to the Elven Halls.
 18405 | Orc:2    | Bought a runed cloak for 202 gold pieces
 18439 | Orc:2    | Bought a potion of cancellation for 96 gold pieces
 18439 | Orc:2    | Bought a potion of invisibility for 96 gold pieces
 18439 | Orc:2    | Bought a potion of might for 48 gold pieces
 18463 | Orc:2    | Bought a steaming arbalest for 304 gold pieces
 18463 | Orc:2    | Identified the +2 arbalest "Suizig" {antimagic, Str+4} (You
                  | bought it in a shop on level 2 of the Orcish Mines)
 19015 | D:12     | Noticed Josephine
 19024 | D:12     | Killed Josephine
 19111 | D:12     | Found Zorisoma's Magic Scroll Shop.
 19114 | D:12     | Bought a scroll of fear for 52 gold pieces
 19114 | D:12     | Bought a scroll of noise for 13 gold pieces
 19114 | D:12     | Bought 3 scrolls of identify for 78 gold pieces
 19114 | D:12     | Bought a scroll of identify for 26 gold pieces
 19135 | D:12     | Identified 2 scrolls of acquirement
 19153 | D:12     | Found a broken altar of Ashenzari.
 19439 | D:12     | Reached skill level 5 in Dodging
 20316 | D:13     | Reached skill level 5 in Ranged Weapons
 20417 | D:13     | Found a runed translucent gate.
 20418 | D:13     | Found a runed translucent gate.
 20419 | D:13     | Found a runed translucent gate.
 20425 | D:13     | Noticed pokeman's ghost (journeyman DEHW)
 20588 | D:13     | Found an iron altar of Okawaru.
 21266 | D:14     | Reached XP level 16. HP: 99/122 MP: 13/26
 22094 | D:14     | Found a gate to the Vaults.
 22125 | D:15     | Entered Level 15 of the Dungeon
 22183 | D:15     | Found a staircase to the Depths.
 22195 | D:15     | Reached skill level 10 in Armour
 22291 | D:15     | Reached skill level 15 in Maces & Flails
 22589 | D:15     | Found an iron altar of Okawaru.
 23299 | D:13     | Killed pokeman's ghost
 23390 | D:13     | Acquired a manual of Invocations
 23392 | D:13     | Acquired the +2 chain mail of Starshine {-Tele rC+++ rN++
                  | Will+}
 23611 | Snake:1  | Entered Level 1 of the Snake Pit
 23873 | Snake:1  | Noticed Shard1697's ghost (journeyman MeBe)
 23878 | Snake:1  | Found a runed translucent gate.
 23878 | Snake:1  | Found a runed translucent gate.
 23878 | Snake:1  | Noticed a nagaraja
 23880 | Snake:1  | Found a runed translucent gate.
 23881 | Snake:1  | Noticed a nagaraja
 24004 | Snake:1  | Found Puwkagep's Tiny Tomes.
 24313 | Snake:1  | Reached XP level 17. HP: 125/128 MP: 8/27
 24394 | Snake:1  | Identified the +9 mace of Extremism {holy, rN+ Will+ Int+3
                  | Stlth+}
 24659 | Snake:1  | Reached skill level 15 in Shields
 24737 | Snake:1  | Acquired a manual of Armour
 24923 | Snake:2  | Found Siorel's Armour Boutique.
 25148 | Snake:2  | Bought a +2 cloak of poison resistance for 277 gold pieces
 25184 | Snake:2  | Reached skill level 15 in Invocations
 25249 | Snake:2  | Found Myl Wesk's Book Shop.
 25249 | Snake:2  | Found Pudwitabb's Assorted Antiques.
 25450 | Snake:2  | Bought a scroll labelled HUTUMNIWOT for 32 gold pieces
 25475 | Snake:2  | Bought a scroll labelled HUTUMNIWOT for 32 gold pieces
 25475 | Snake:2  | Bought a scroll of identify for 64 gold pieces
 25475 | Snake:2  | Bought a potion of curing for 96 gold pieces
 25842 | Snake:2  | Reached skill level 5 in Stealth
 28327 | Snake:1  | You fall into a shaft and drop 1 floor!
 28492 | Snake:1  | Killed Shard1697's ghost
 28774 | Shoals:1 | Entered Level 1 of the Shoals
 29581 | Shoals:1 | Reached XP level 18. HP: 134/134 MP: 9/30
 30001 | Shoals:2 | Reached skill level 15 in Armour
 30689 | Shoals:2 | Reached skill level 5 in Throwing
 31183 | Shoals:3 | Noticed Mara
 31482 | Snake:4  | Entered Level 4 of the Snake Pit
 32280 | Snake:4  | Found Vahufemm's Book Shoppe.
 32283 | Snake:4  | Found Puofuk's Jewellery Boutique.
 32284 | Snake:4  | Found Yxoase's Book Shoppe.
 33565 | Snake:4  | Got a serpentine rune of Zot
 33906 | Shoals:4 | Entered Level 4 of the Shoals
 33906 | Shoals:4 | Noticed Starbright's ghost (adept TrBe)
 33906 | Shoals:4 | Identified Roxanne's Commentary on Metamorphosis
 33906 | Shoals:4 | Noticed Roxanne
 33906 | Shoals:4 | Found a runed translucent door.
 33951 | Shoals:4 | Killed Roxanne
 33971 | Shoals:4 | Learned a level 2 spell: Passwall
 33995 | Shoals:4 | Reached XP level 19. HP: 118/146 MP: 11/32
 34683 | Shoals:4 | Noticed Kirke
 34693 | Shoals:4 | Killed Kirke
 34796 | Shoals:4 | Identified the +9 whip of Newyz {pain, rC+ rN+ Str-3}
 35082 | Shoals:4 | Killed Starbright's ghost
 35424 | Shoals:3 | Identified the +0 chain mail "Noess" {Int+2}
 35988 | Shoals:3 | Noticed juan097's illusion
 36039 | Shoals:3 | You fall into a shaft and drop 1 floor!
 36300 | Shoals:4 | Got a barnacled rune of Zot
 36576 | Shoals:3 | Noticed juan097's illusion
 36576 | Shoals:3 | Killed Mara
 37159 | Vaults:1 | Entered Level 1 of the Vaults
 37159 | Vaults:1 | Found Avat's Armour Shop.
 37180 | Vaults:1 | Found a crumbling gateway.
 37200 | Desolati | Entered the Desolation of Salt
 37387 | Desolati | Reached skill level 1 in Earth Magic
 37388 | Desolati | Reached skill level 1 in Spellcasting
 37392 | Desolati | Reached skill level 1 in Transmutations
 38194 | Vaults:1 | Reached XP level 20. HP: 82/156 MP: 33/33
 39345 | Vaults:2 | Reached skill level 5 in Earth Magic
 39736 | Vaults:2 | Found a staircase to the Crypt.
 40727 | Vaults:3 | Reached skill level 5 in Transmutations
 41197 | Vaults:3 | Reached XP level 21. HP: 141/165 MP: 34/34
 42160 | Vaults:4 | Found Leosk's Antique Weapon Boutique.
 42167 | Vaults:4 | Identified the +2 cloak "Udghua" {rPois Dex+3 SInv}
 42872 | Vaults:4 | Reached skill level 10 in Stealth
 43194 | Vaults:4 | Noticed Aizul
 43208 | Vaults:4 | Killed Aizul
 43455 | Vaults:4 | Identified the +1 helmet of Summertime {rF- rN+ Slay+2
                  | SInv}
 43839 | Depths:1 | Entered Level 1 of the Depths
 43848 | Depths:1 | Reached skill level 10 in Throwing
 43848 | Depths:1 | Found a one-way gate to the infinite horrors of the Abyss.
 43998 | Depths:1 | Reached skill level 10 in Dodging
 44067 | Depths:1 | Reached XP level 22. HP: 172/172 MP: 35/35
 44222 | Depths:1 | Found a runed translucent gate.
 44222 | Depths:1 | Found a runed translucent gate.
 44222 | Depths:1 | Found a runed translucent gate.
 44224 | Depths:1 | Noticed epsilonplus's ghost (adept DrHu)
 44224 | Depths:1 | Noticed Miownoin's ghost (master GrFi)
 44295 | Depths:1 | Found a gateway to Hell.
 44659 | Depths:1 | Found an opulent altar of Gozag.
 44768 | Depths:1 | Found an ornate altar of the Wu Jian Council.
 46181 | Depths:2 | Found a one-way gate leading to the halls of Pandemonium.
 46295 | Depths:3 | Reached skill level 15 in Fighting
 46528 | Depths:3 | Reached XP level 23. HP: 89/182 MP: 36/36
 46850 | Depths:3 | Noticed a dread lich
 46851 | Depths:3 | Found a one-way gateway to a ziggurat.
 47448 | Depths:3 | Found a sacrificial altar of Ru.
 47689 | Depths:1 | Killed epsilonplus's ghost
 47697 | Depths:1 | You fall into a shaft and drop 1 floor!
 47828 | Depths:1 | You fall into a shaft and drop 1 floor!
 47985 | Depths:1 | Killed Miownoin's ghost
 48037 | Depths:1 | Identified the amulet "Kier" {Acrobat rN+ Str-4 Dex+2}
 48196 | Elf:1    | Entered Level 1 of the Elven Halls
 48897 | Elf:2    | Found a frozen archway.
 48927 | IceCv    | Entered an ice cave
 49002 | IceCv    | Got Ypaam's Octavo of Evolving Sidekicks
 49339 | IceCv    | Identified the ring "Tez Jacw" {Contam rElec rF+ SInv}
 49349 | IceCv    | Identified the ring of Qilixul {Fire Will+ Int+4 Dex-3}
 49480 | Elf:2    | Found Lycwirgh's Armour Emporium.
 49939 | Elf:2    | Found a runed translucent gate.
 49940 | Elf:2    | Found a runed translucent gate.
 49940 | Elf:2    | Found a runed translucent gate.
 50299 | Elf:2    | Reached XP level 24. HP: 177/194 MP: 36/36
 50676 | Elf:3    | Entered Level 3 of the Elven Halls
 50966 | Elf:3    | Found a radiant altar of Vehumet.
 51411 | Elf:3    | Identified the +7 falchion "Sobetexu" {flame, rElec rC+
                  | Int+4}
 51432 | Elf:3    | Identified the +1 halberd of Dust {freeze, Fragile +Blink
                  | rF+ Int+3}
 51458 | Elf:3    | Identified the +6 great mace of Emukloph {flame, *Noise rC-
                  | Int+6}
 51860 | Elf:3    | Identified the +4 scale mail "Kut Aba" {rC++ Will+}
 52066 | Elf:3    | Identified the +0 battleaxe "Mibruhu" {pain, rF++}
 52106 | Elf:3    | Identified the +5 dire flail of Cowardice {heavy, rF++ rC-}
 52123 | Elf:3    | Identified the staff "Xistiusi" {rN+ Will- rCorr Int+6
                  | Stlth+ Necro}
 52980 | Snake:2  | Bought a scroll of acquirement for 1664 gold pieces
 53360 | Depths:4 | Entered Level 4 of the Depths
 53436 | Depths:4 | Noticed a golden dragon
 53604 | Depths:3 | Killed a golden dragon
 53921 | Depths:4 | Noticed a golden dragon
 53937 | Depths:4 | Killed a golden dragon
 54054 | Depths:4 | Found a gate to the Realm of Zot.
 54599 | Depths:4 | Noticed a juggernaut
 54610 | Depths:4 | Killed a juggernaut
 55401 | Slime:1  | Entered Level 1 of the Pits of Slime
 55421 | Lair:4   | You fall into a shaft and drop 1 floor!
 55679 | Slime:1  | Reached XP level 25. HP: 203/210 MP: 36/36
 57538 | Slime:4  | Noticed Dissolution
 57626 | Slime:3  | Killed Dissolution
 57992 | Slime:5  | Entered Level 5 of the Pits of Slime
 58746 | Orc:2    | Bought 2 potions of ambrosia for 192 gold pieces
 58746 | Orc:2    | Bought a potion of ambrosia for 96 gold pieces
 59139 | Slime:5  | Noticed the Royal Jelly
 59221 | Slime:5  | Found the amulet of Vitality {RegenMP++ Regen++}
 59307 | Slime:5  | Found a viscous altar of Jiyva.
 59536 | Slime:5  | Found the +7 mace of Variability {chaos, chaos arc}
 59959 | Slime:4  | HP: 7/214 [azure jelly[the Royal Jelly] (6)]
 60109 | Slime:4  | Acquired 919 gold pieces
 60548 | Slime:5  | Killed the Royal Jelly
 60912 | Slime:5  | Got Alistair's Elucidation of the Amorphous Coward
 60928 | Slime:5  | Got a slimy rune of Zot
 60937 | Slime:5  | Identified the +9 short sword of the Forsaken Wishes
                  | {venom, Will+}
 61015 | Slime:5  | Identified the ring of the Ban {rElec rN+++ Will+ Str-2
                  | Dex+4}
 61020 | Slime:5  | Identified the +11 flail "Qeycrydgh" {heavy, *Slow rPois
                  | Int+8}
 61040 | Slime:5  | Identified the +2 robe of Asceticism {Dex+6}
 61567 | Zot:1    | Entered Level 1 of the Realm of Zot
 61576 | Zot:1    | Noticed a curse toe
 61586 | Zot:1    | Killed a curse toe
 61844 | Zot:1    | Reached XP level 26. HP: 196/222 MP: 37/37
 62383 | Zot:1    | Noticed an orb of fire
 63154 | Zot:2    | Reached skill level 5 in Spellcasting
 65010 | Zot:2    | Identified the +6 rapier of Mourning {freeze, rPois Str+2
                  | Dex+4}
 65356 | Zot:3    | Found a transporter.
 65461 | Zot:3    | Reached skill level 10 in Earth Magic
 65748 | Zot:3    | Reached skill level 15 in Throwing
 65841 | Zot:3    | Found a transporter.
 65868 | Zot:3    | Found a transporter.
 65870 | Zot:3    | Found a transporter.
 65910 | Zot:3    | Found a transporter.
 66046 | Zot:3    | Found a transporter.
 66470 | Zot:4    | Reached XP level 27. HP: 228/231 MP: 37/37
 66483 | Zot:4    | Noticed an orb of fire
 66496 | Zot:4    | Killed an orb of fire
 66633 | Zot:4    | Noticed an orb of fire
 66647 | Zot:4    | Killed an orb of fire
 67505 | Zot:5    | Entered Level 5 of the Realm of Zot
 67943 | Zot:5    | Noticed a dread lich
 67951 | Zot:5    | Noticed a dread lich
 67955 | Zot:5    | Killed a dread lich
 67970 | Zot:5    | Killed a dread lich
 68039 | Zot:5    | Noticed a Killer Klown
 68044 | Zot:5    | Noticed an orb of fire
 68045 | Zot:5    | Noticed an orb of fire
 68048 | Zot:5    | Noticed an orb of fire
 68070 | Zot:5    | Killed an orb of fire
 68074 | Zot:5    | Noticed an orb of fire
 68123 | Zot:4    | Gained mutation: You have an increased reservoir of magic.
                  | (+10% MP) [mutagenic glow]
 68241 | Zot:5    | Killed a Killer Klown
 68257 | Zot:5    | Killed an orb of fire
 68419 | Zot:5    | Noticed an ancient lich
 68443 | Zot:5    | Killed an ancient lich
 68861 | Zot:5    | Noticed a dread lich
 68869 | Zot:5    | Killed a dread lich
 68909 | Zot:5    | Killed an orb of fire
 69108 | Zot:5    | Noticed a Killer Klown
 69120 | Zot:5    | Gained mutation: Your muscles are strong. (Str +4, Int/Dex
                  | -1) [mutagenic glow]
 69129 | Zot:5    | Noticed a Killer Klown
 69130 | Zot:5    | Gained mutation: You occasionally lose the ability to read
                  | scrolls when taking damage. [mutagenic glow]
 69136 | Zot:5    | Killed an orb of fire
 69147 | Zot:5    | Killed a Killer Klown
 69546 | Zot:5    | Noticed a Killer Klown
 69553 | Zot:5    | Noticed an orb of fire
 69576 | Zot:5    | Killed an orb of fire
 69585 | Zot:5    | Killed a Killer Klown
 69610 | Zot:5    | Killed a Killer Klown
 70210 | Vaults:5 | Entered Level 5 of the Vaults
 70227 | Vaults:5 | Noticed a dread lich
 70232 | Vaults:5 | Noticed an ancient lich
 70382 | Vaults:4 | Killed a dread lich
 70552 | Vaults:4 | Killed an ancient lich
 70946 | Vaults:5 | Identified the +5 morningstar of Misepp {freeze, Str+5
                  | Dex+7}
 71043 | Vaults:5 | Identified the +2 pair of boots of Omission {Regen+}
 71060 | Vaults:5 | Got a silver rune of Zot
 71288 | Vaults:5 | Identified the +3 plate armour "Gucoq" {Int+3}
 71327 | Vaults:5 | Acquired a +3 antimagic dire flail
 72130 | Vaults:5 | Identified the +2 dagger of Reason {vamp, Int+2}
 72352 | Crypt:1  | Entered Level 1 of the Crypt
 72489 | Crypt:1  | Identified the +0 morningstar of the Uplifting Seer {spect,
                  | rC+ rN+++ Str+4}
 72873 | Crypt:1  | Got the Grimoire of the Barracuda
 72875 | Crypt:1  | Found the ring of Shadows {Umbra +Inv Stlth+}
 74108 | Crypt:3  | Entered Level 3 of the Crypt
 74462 | Crypt:3  | Noticed Frederick
 74493 | Crypt:3  | Killed Frederick
 74708 | Crypt:3  | Found a staircase to the Tomb.
 74878 | Crypt:3  | Noticed Boris
 74890 | Crypt:3  | Noticed an ancient lich
 74890 | Crypt:3  | Killed Boris
 74907 | Crypt:3  | Killed an ancient lich
 75054 | Crypt:3  | Found a basalt altar of Yredelemnul.
 75091 | Crypt:3  | Identified the ring "Uramaed" {rN+ Int+4 Dex+5}
 75091 | Crypt:3  | Identified the amulet of Bokinyt {rC+ Regen+}
 75091 | Crypt:3  | Identified the ring "Erhoggai" {rN+ Int+2}
 75630 | Hell     | Entered the Vestibule of Hell
 75630 | Hell     | Noticed Geryon
 75697 | Abyss:3  | Found a corrupted altar of Lugonu.
 75697 | Abyss:3  | Cast into level 3 of the Abyss (reaper)
 75701 | Abyss:3  | Found a corrupted altar of Lugonu.
 75748 | Hell     | Escaped the Abyss
 75788 | Hell     | Killed Geryon
 75853 | Hell     | Found a gateway to the freezing wastes of Cocytus.
 76008 | Hell     | Found a gateway to the decaying netherworld of Tartarus.
 76070 | Hell     | Found a gateway to the Iron City of Dis.
 76154 | Hell     | Found a gateway to the ashen valley of Gehenna.
 76298 | Depths:1 | Voluntarily entered the Abyss.
 76298 | Abyss:3  | Found a corrupted altar of Lugonu.
 76526 | Abyss:3  | Found a corrupted altar of Lugonu.
 76636 | Abyss:3  | Found a corrupted altar of Lugonu.
 76719 | Abyss:3  | Found a corrupted altar of Lugonu.
 76719 | Abyss:3  | Found a corrupted altar of Lugonu.
 76872 | Abyss:4  | Found a corrupted altar of Lugonu.
 76875 | Abyss:4  | Found a corrupted altar of Lugonu.
 77052 | Abyss:4  | Found a glowing golden altar of the Shining One.
 77061 | Abyss:4  | Noticed a juggernaut
 77088 | Abyss:4  | Killed a juggernaut
 77112 | Abyss:4  | Got an abyssal rune of Zot
 77118 | Abyss:4  | Found a glowing golden altar of the Shining One.
 77130 | Depths:1 | Escaped the Abyss
 77200 | Pan      | Entered Pandemonium
 77221 | Pan      | Acquired a manual of Dodging
 77279 | Pan      | Noticed Xylyxko the pandemonium lord
 77292 | Pan      | Killed Xylyxko the pandemonium lord
 77432 | Pan      | Noticed Wafunopn the pandemonium lord
 77449 | Pan      | Killed Wafunopn the pandemonium lord
 77489 | Pan      | Noticed Engitop the pandemonium lord
 77489 | Pan      | Found a runed translucent door.
 77549 | Pan      | Killed Engitop the pandemonium lord
 77560 | Pan      | Got a demonic rune of Zot
 77596 | Pan      | Entered the realm of Gloorx Vloq.
 77793 | Pan      | Found an exit through the horrors of the Abyss.
 77957 | Pan      | Reached skill level 15 in Dodging
 78542 | Pan      | Noticed Gloorx Vloq
 78558 | Pan      | Killed Gloorx Vloq
 78565 | Pan      | Got a dark rune of Zot
 78636 | Pan      | Entered the realm of Mnoleg.
 78636 | Pan      | Noticed Mnoleg
 78658 | Pan      | Killed Mnoleg
 78694 | Pan      | Got a glowing rune of Zot
 79100 | Pan      | Entered the realm of Lom Lobon.
 79247 | Pan      | Noticed Lom Lobon
 79320 | Pan      | HP: 7/238 [Lom Lobon/vortex (15)]
 79321 | Pan      | HP: 1/238 [Lom Lobon/vortex (11)]
 79337 | Pan      | Killed Lom Lobon
 79584 | Pan      | Found an exit through the horrors of the Abyss.
 79860 | Pan      | Got a magical rune of Zot
 80013 | Pan      | Entered the realm of Cerebov.
 80100 | Pan      | Found the +6 sword of Cerebov {flame}
 80100 | Pan      | Noticed Cerebov
 80165 | Pan      | HP: 9/238 [balrug/+2 vampiric demon whip[Cerebov] (13)]
 80185 | Pan      | Killed Cerebov
 80472 | Pan      | Identified the ring of Wiguent {Fly rPois Str+3 Dex+2}
 80482 | Pan      | Identified the +1 pair of boots "Ysilirph" {rF+}
 80492 | Pan      | Identified the +3 robe of Padetiri {MP-9 Dex+7 SInv}
 80497 | Pan      | Got Hatwy's Elucidation of the Alluring Body
 80524 | Pan      | Identified the staff "Xopral" {*Slow rElec rPois Will+++
                  | Int-4 Poison}
 80590 | Pan      | Identified the ring of Woibugee {rF+ rCorr}
 80599 | Pan      | Identified the +5 halberd of Okawaru's Fury {flame, +Blink
                  | rF+}
 80619 | Pan      | Got a fiery rune of Zot
 80699 | Pan      | Got the Notes on Inhalation and the Adder
 81324 | Pan      | Found an exit through the horrors of the Abyss.
 81337 | Pan      | Took an exit into the Abyss.
 81337 | Abyss:4  | Escaped into the Abyss
 81338 | Abyss:4  | Found a corrupted altar of Lugonu.
 81426 | Depths:2 | Escaped the Abyss
 81739 | D:4      | Fell from the grace of Zin
 81739 | D:4      | Became a worshipper of the Shining One
 81739 | D:4      | Reached * piety under the Shining One
 81739 | D:4      | Reached ** piety under the Shining One
 81739 | D:4      | Reached *** piety under the Shining One
 81797 | Temple   | Entered the Ecumenical Temple
 82421 | Tomb:1   | Entered Level 1 of the Tomb of the Ancients
 82450 | Tomb:1   | Reached **** piety under the Shining One
 82634 | Tomb:1   | Reached ***** piety under the Shining One
 82655 | Tomb:1   | Noticed a royal mummy
 82670 | Tomb:1   | Killed a royal mummy
 82900 | Tomb:1   | Noticed a royal mummy
 82900 | Tomb:1   | Noticed a royal mummy
 82967 | Tomb:1   | Killed a royal mummy
 82971 | Tomb:1   | Killed a royal mummy
 83707 | Coc:1    | Entered Level 1 of Cocytus
 83728 | Coc:1    | Reached ****** piety under the Shining One
 83748 | Coc:1    | Identified a +9 great mace of holy wrath (a +8 great mace
                  | of flaming blessed by the Shining One)
 83748 | Coc:1    | Received a gift from the Shining One
 83979 | Hell     | Learned a level 4 spell: Passage of Golubria
 84079 | Depths:3 | Killed a dread lich
 84080 | Depths:3 | Reached skill level 1 in Translocations
 84102 | Zig:1    | Entered Level 1 of a ziggurat
 84134 | Zig:2    | Entered Level 2 of a ziggurat
 84165 | Zig:3    | Entered Level 3 of a ziggurat
 84192 | Zig:4    | Entered Level 4 of a ziggurat
 84277 | Zig:5    | Entered Level 5 of a ziggurat
 84308 | Zig:5    | Identified the ring "Pyetoank" {rC+ Int+6}
 84354 | Zig:5    | Identified the +2 leather armour of the Moon Troll {Fly
                  | rPois Stlth-}
 84359 | Zig:6    | Entered Level 6 of a ziggurat
 84363 | Zig:6    | Noticed a Killer Klown
 84364 | Zig:6    | Noticed a Killer Klown
 84376 | Zig:6    | Killed a Killer Klown
 84419 | Zig:6    | Killed a Killer Klown
 84477 | Zig:6    | Identified the +1 mace of Eghyst {flame, Dex+4}
 84479 | Zig:6    | Got The Mind of the Magus in Simple Steps
 84480 | Zig:6    | Identified the +3 quarterstaff of Wafyul {heavy, rC+++
                  | Str+3 Int-2}
 84485 | Zig:7    | Entered Level 7 of a ziggurat
 84538 | Zig:7    | Got Luocluz's Octavo of Searing Aeromancy
 84550 | Zig:8    | Entered Level 8 of a ziggurat
 84557 | Zig:8    | Noticed a dread lich
 84557 | Zig:8    | Noticed a shard shrike
 84557 | Zig:8    | Noticed a shard shrike
 84560 | Zig:8    | Killed a shard shrike
 84564 | Zig:8    | Killed a shard shrike
 84568 | Zig:8    | Killed a dread lich
 84570 | Zig:8    | Found the +8 mithril axe "Arga" {speed, Will+}
 84622 | Zig:8    | Identified the +0 cloak "Zamanlul" {rF+ Stlth+}
 84627 | Zig:8    | Identified the +9 scimitar of the Hurling King {antimagic,
                  | *Slow rPois rN++ SInv}
 84637 | Zig:8    | Identified the ring "Plog" {Fly rElec Int+3}
 84639 | Zig:8    | Identified the +1 troll leather armour "Zouggagga" {Will-
                  | Regen+ Str+3 Dex+7 SInv}
 84658 | Zig:9    | Entered Level 9 of a ziggurat
 84673 | Zig:9    | Reached skill level 5 in Translocations
 84711 | Zig:9    | Found the +16 obsidian axe {drain, demonic, Mesm Drain Fly
                  | SInv}
 84773 | Zig:9    | Identified the +5 falchion of Defence by Offence {flame,
                  | rF+ Int+3}
 84792 | Zig:10   | Entered Level 10 of a ziggurat
 84897 | Zig:10   | Identified the +11 bardiche of Charmed Responsibility
                  | {flame, rPois Will++ Int-2}
 84900 | Zig:10   | Identified the +5 trident of Wumavysumn {elec, rElec}
 84902 | Zig:10   | Identified the +10 shortbow of Lust {heavy, rPois Int-3
                  | Dex+3}
 84904 | Zig:10   | Got the Book of Weird Transition
 84907 | Zig:11   | Entered Level 11 of a ziggurat
 84922 | Zig:11   | Noticed Tov Osofe the pandemonium lord
 84938 | Zig:11   | Killed Tov Osofe the pandemonium lord
 84947 | Zig:11   | Gained mutation: You occasionally shout uncontrollably at
                  | your foes. [a neqoxec]
 85123 | Zig:11   | Identified the +5 spear of Woe {heavy, rF+ Str+4 SInv}
 85142 | Zig:12   | Entered Level 12 of a ziggurat
 85150 | Zig:12   | Noticed an ancient lich
 85150 | Zig:12   | Found the +12 pair of quick blades "Gyre" and "Gimble"
                  | {protect}
 85175 | Zig:12   | Killed an ancient lich
 85227 | Zig:13   | Entered Level 13 of a ziggurat
 85448 | Zig:13   | Identified the staff "Ido Zokaq" {rElec rCorr Int+3 Air}
 85449 | Zig:13   | Identified the +2 ring mail of the Distant Future {rC+
                  | Int-3 Dex+4 SInv}
 86340 | Zot:3    | Noticed an orb of fire
 86340 | Zot:3    | Noticed a Killer Klown
 86351 | Zot:3    | Killed a Killer Klown
 86351 | Zot:3    | Gained mutation: You are frail. (-10% HP) [an orb of fire]
 86354 | Zot:3    | Gained mutation: Your body sometimes deteriorates upon
                  | taking damage. [an orb of fire]
 86356 | Zot:3    | Gained mutation: You sometimes lose the ability to read
                  | scrolls when taking damage. [an orb of fire]
 86360 | Zot:3    | Killed an orb of fire
 86374 | Zot:3    | You fall into a shaft and drop 1 floor!
 86515 | Zot:3    | Identified the amulet "Xatew" {Acrobat Harm}
 86519 | Zot:3    | Identified the ring "Lodit" {rF+ AC+4 Int+2}
 86535 | Zot:3    | Identified the ring "Xaso" {rElec rPois rF+ Will+}
 86570 | Zot:3    | Lost mutation: Your muscles are strong. (Str +4, Int/Dex
                  | -1) [potion of mutation]
 86570 | Zot:3    | Lost mutation: You sometimes lose the ability to read
                  | scrolls when taking damage. [potion of mutation]
 86570 | Zot:3    | Lost mutation: Your body sometimes deteriorates upon taking
                  | damage. [potion of mutation]
 86570 | Zot:3    | Gained mutation: Your spells are a little harder to cast,
                  | but a little more powerful. [potion of mutation]
 86570 | Zot:3    | Gained mutation: You are very frail. (-20% HP) [potion of
                  | mutation]
 86570 | Zot:3    | Lost mutation: You are very frail. (-20% HP) [potion of
                  | mutation]
 86571 | Zot:3    | Lost mutation: You occasionally lose the ability to read
                  | scrolls when taking damage. [potion of mutation]
 86571 | Zot:3    | Lost mutation: You occasionally shout uncontrollably at
                  | your foes. [potion of mutation]
 86571 | Zot:3    | Gained mutation: Your flesh is cold resistant. (rC+)
                  | [potion of mutation]
 86572 | Zot:3    | Lost mutation: Your spells are a little harder to cast, but
                  | a little more powerful. [potion of mutation]
 86572 | Zot:3    | Lost mutation: You are frail. (-10% HP) [potion of
                  | mutation]
 86572 | Zot:3    | Gained mutation: Your movements are slightly less
                  | encumbered by armour. (ER -2) [potion of mutation]
 86572 | Zot:3    | Gained mutation: You possess an exceptional clarity of
                  | mind. [potion of mutation]
 86572 | Zot:3    | Lost mutation: You have an increased reservoir of magic.
                  | (+10% MP) [potion of mutation]
 86572 | Zot:3    | Gained mutation: You have hidden genetic potential. [potion
                  | of mutation]
 86598 | Zot:3    | Learned a level 2 spell: Wereblood
 86940 | Orc:2    | Bought a book of Cantrips for 144 gold pieces
 86943 | Orc:2    | Learned a level 1 spell: Apportation
 87185 | Pan      | Entered Pandemonium
 87337 | Pan      | Noticed Jieti Atuz the pandemonium lord
 87365 | Pan      | Killed Jieti Atuz the pandemonium lord
 87607 | Pan      | Found an exit through the horrors of the Abyss.
 87993 | Pan      | Reached skill level 10 in Translocations
 88314 | Pan      | Found an exit through the horrors of the Abyss.
 88439 | Pan      | Noticed Veomol the pandemonium lord
 88466 | Pan      | Killed Veomol the pandemonium lord
 88470 | Pan      | Reached skill level 10 in Transmutations
 88478 | Pan      | Killed from afar by a Hell Sentinel

Illustrated notes

Levels and vault maps discovered:
D:1:      dpeg_arrival_prison, layout_basic,
          shapermc_ecumenical_altar_mp_highgroup, minmay_liquid_box
D:2:      layout_basic, amcnicky_mini_pool_small, minmay_misc_feat_x,
          uniq_jessica
D:3:      layout_basic, mainiacjoe_overflow_catwalk,
          nicolae_overflow_hallway_of_the_gods
D:4:      layout_rooms, tso_metal_star, nicolae_wormholes
D:5:      layout_basic, temple_statues
D:6:      layout_loops_ring
D:7:      layout_loops_ring, uniq_joseph
D:8:      layout_loops_corners, mainiacjoe_overflow_24_doors,
          ebering_ghost_disaster_area, serial_shops, nicolae_shop_stone,
          uniq_maggie
D:9:      layout_basic, marbit_many_paths, xom_butterflies, serial_shops,
          nicolae_shop_peninsula, grunt_ministairs_6, uniq_harold
D:10:     layout_basic, lightli_temple_of_fire
D:11:     layout_roguey, erik_lair_dragon, zombieorc2_lemuel,
          kennysheep_nondescript
D:12:     layout_loops_corners, serial_shops, nicolae_shop_rolled_up,
          chequers_serial_rivers_large_a, ashenzari_altar_1, uniq_josephine
D:13:     layout_basic, gammafunk_ghost_fury_of_okawaru,
          minmay_misc_feat_nine_boxes, grunt_ministairs_10
D:14:     layout_layer_cave, grunt_vaults_entry_tiered, minmay_misc_feat_roman
D:15:     gammafunk_depths_entry_grave, layout_small_grid,
          okawaru_ov_weapons_minmay, serial_bayou_ford_a
Temple:   chequers_temple_sunken
Lair:1:   layout_gridlike
Lair:2:   layout_hall_layers, minmay_shoals_entry_beasts,
          minmay_snake_entry_guardpost_medium
Lair:3:   layout_gridlike, nicolae_lair_liquid_snakes, serial_bayou_shore_a
Lair:4:   layout_layer_cave, minmay_slime_entry_oklob_open
Lair:5:   minmay_lair_end_frog_pond, layout_misc_corridors,
          cheibrodos_lair_lostbears
Shoals:1: layout_shoals
Shoals:2: layout_shoals, abandoned_shop
Shoals:3: layout_shoals, nicolae_shoals_this_corrosion, uniq_mara
Shoals:4: shoals_end_simple, layout_shoals, gammafunk_ghost_grave, uniq_roxanne,
          uniq_kirke
Snake:1:  layout_grid_shapes, gammafunk_ghost_split,
          nicolae_shop_i_like_small_books_too, hangedman_snake_sidewinding
Snake:2:  layout_onion, serial_shops, nicolae_shop_just_a_little_nook,
          minmay_shoptagon
Snake:3:  layout_layer_cave
Snake:4:  johnstein_snake_rune_scales, layout_cave_pods,
          nicolae_snake_lava_pool, minmay_shop_grove
Slime:1:  layout_caves
Slime:2:  layout_caves
Slime:3:  layout_caves
Slime:4:  layout_caves, uniq_dissolution
Slime:5:  slime_pit_nicolae_amoeboid
Orc:1:    layout_caves
Orc:2:    st_orc_ogre_mass, layout_caves, serial_shops,
          nicolae_shop_pleasant_corner_grove, uniq_donald
Elf:1:    eino_elf_arrival_the_gate, layout_geoelf_octagon,
          minmay_elf_annihilation
Elf:2:    nicolae_elf_blades_crystal_corner, layout_geoelf_octagon,
          serial_shops, shop, portal_ice_cave_entry_ice_statue_two,
          grunt_ministairs_4
Elf:3:    grunt_elf_hall_diamonds, layout_geoelf_castle, basic_altar
Vaults:1: portal_desolation_entry_ruin, dpeg_vaults_monster_box, v_misc_31,
          vaults_room_corners, hangedman_vaults_river_flow,
          nicolae_vaults_tetromino_L_2, ontoclasm_vaults_ligature,
          nicolae_vaults_tetromino_T_1, nicolae_vaults_alarming,
          layout_vaults_quadrants, serial_shops, shop
Vaults:2: nicolae_vaults_network_barrier, nicolae_vaults_surprise_closet,
          nicolae_vaults_sightless_eye, nicolae_vaults_puzzle_piece,
          minmay_crypt_entry_simple_statues, ontoclasm_vaults_ring_small,
          nicolae_vaults_weapon_check, v_alt_pattern_5, vaults_room_glass_cross,
          ontoclasm_vaults_idyll, layout_vaults_omnicross
Vaults:3: v_pattern_5, grunt_vaults_twisty, hangedman_vaults_corner,
          nicolae_vaults_security_offices_1, hangedman_vaults_capsules,
          nicolae_vaults_tetromino_Z_1, nicolae_vaults_diamond_2,
          layout_vaults_big_room
Vaults:4: v_alt_pattern_2, v_rooms_2, nicolae_vaults_network_quinsquares
          [nicolae_vaults_network_quincunx_subvault,
          nicolae_vaults_network_quincunx_subvault,
          nicolae_vaults_network_quincunx_subvault,
          nicolae_vaults_network_quincunx_subvault], nicolae_vaults_two_Ls,
          nicolae_vaults_ring_of_whatevers, nicolae_vaults_little_squares_4,
          nicolae_vaults_apartment_2, nicolae_vaults_security_offices_5,
          nicolae_vaults_trapezoid_lopsided_2, nicolae_vaults_little_squares_2,
          vaults_room_large_hall, nicolae_vaults_cochlea,
          layout_vaults_maze_bifur, serial_shops, shop, uniq_aizul
Vaults:5: serial_shops
Crypt:1:  minmay_skeleton_keep, layout_rooms
Crypt:2:  layout_misc_corridors, grunt_megastairs_3
Crypt:3:  cryptofortress_bobbens, uniq_boris, uniq_frederick
Tomb:1
Depths:1: layout_twisted_cross, pdpol_wu_jian_five_deadly_venoms, abyss_entry,
          hellmouth_3, gammafunk_ghost_cemetery,
          nicolae_gozag_cash_rules_everything_around_me
Depths:2: nicolae_terramorphic_expanse [nicolae_terramorphic_quarter,
          nicolae_terramorphic_quarter, nicolae_terramorphic_quarter,
          nicolae_terramorphic_quarter, nicolae_terramorphic_quarter,
          nicolae_terramorphic_biome, nicolae_terramorphic_biome,
          nicolae_terramorphic_biome, nicolae_terramorphic_biome],
          layout_gridlike, hell_entry, serial_bayou, serial_bayou_lagoon_a,
          serial_bayou_lagoon_b, serial_bayou_crossing, serial_bayou_pond_a,
          serial_bayou_pond_c, pan_entry, abyss_entry,
          chequers_serial_rivers_micro_c, solitary_fountain,
          infiniplex_staircase_hallway_doors
Depths:3: kennysheep_six_static_rooms, layout_cave_shapes, enter_ziggurat_d,
          nicolae_ru_sacrificial_ziggurat, abyss_entry,
          nicolae_hell_entry_hellmouth_sunbeams, minmay_staircase_statues
Depths:4: evilmike_zot_entry_basic, layout_gridlike, moated_statue,
          abyss_entry_small_statue_room, grunt_hell_entry_dis_old
Hell
Coc:1:    layout_cocytus_water_paths
Coc:2:    nicolae_hells_demon_pit, layout_ice_bergs
Zot:1:    layout_cathedral_of_symmetry, st_stairs_14, nrook_zot_tub
Zot:2:    lemuel_draconian_sentries_small, layout_basic,
          hangedman_elemental_corridor, grunt_megastairs_2
Zot:3:    gammafunk_its_a_trap, layout_basic, nicolae_diode_quadrants
Zot:4:    gammafunk_mikee_crab_dinner, layout_misc_corridors
Zot:5:    layout_misc_corridors
Pan:      evilmike_mini_pan_corner, layout_basic, nicolae_pan_mnolegish_5,
          nicolae_pan_sick_transit, gammafunk_dig_for_victory, layout_rooms,
          uniq_mennas_pan, grunt_pan_sceptre, layout_onion_city,
          nicolae_pan_glass_arcs, layout_stronghold,
          regret_index_pan_draining_boxed, layout_gridville,
          pan_blood_fountain_small, gloorx_vloq_grunt_torture_chamber,
          layout_onion_city, mnoleg_st, layout_irregular_city, rand_demon_5,
          layout_long_grid, lom_lobon, layout_long_grid, evilmike_cerebov_lava,
          layout_rooms, pan_blood_fountain, pan_captured_pigsty,
          evilmike_mini_pan_doors_b, layout_stronghold, evilmike_mini_pan_T,
          layout_irregular_city, evilmike_mini_pan_corner,
          layout_irregular_city, nicolae_pan_lom_lobonic_1,
          nicolae_pan_sick_transit, pan_disco_hall, layout_onion_city,
          pan_blood_fountain, nicolae_pan_lom_lobonic_2

Skill      XL: |  1  2  3  4  5  6  7  8  9 10 11 12 13 14 15 16 17 18 19 20 21 22 23 24 25 26 27 |
---------------+----------------------------------------------------------------------------------+-----
Stealth        | 1 2 3 4 6 8 10 14 | 14.0
Maces & Flails | 3 4 5 7 8 10 12 13 14 15 16 18 19 20 22 | 22.0
Armour         | 4 5 6 8 9 11 14 16 17 18 19 20 26 | 26.0
Fighting       | 4 5 6 8 10 12 13 14 15 17 19 21 22 26 | 26.0
Shields        | 5 6 11 12 13 14 15 16 18 19 26 | 26.0
Invocations    | 1 3 4 5 8 10 12 14 17 18 19 20 23 | 23.7
Dodging        | 2 3 4 5 6 8 10 16 | 16.0
Evocations     | 4 5 10 14 | 14.0
Throwing       | 4 8 10 12 14 15 20 | 20.0
Ranged Weapons | 4 5 7 8 |  8.0
Earth Magic    | 2 8 10 | 10.0
Spellcasting   | 2 4 5 |  5.0
Transmutations | 2 5 6 8 10 | 10.0
Translocations | 10 | 10.6

Action                     |  1- 3 |  4- 6 |  7- 9 | 10-12 | 13-15 | 16-18 | 19-21 | 22-24 | 25-27 || total
---------------------------+-------+-------+-------+-------+-------+-------+-------+-------+-------++-------
  Melee: Flail             |    91 |    41 |       |   384 |    10 |     6 |       |       |       ||   532
         Mace              |       |    82 |   252 |   175 |       |       |       |       |       ||   509
         Morningstar       |       |       |       |   154 |   665 |   881 |   411 |       |       ||  2111
         Dire flail        |       |       |       |       |       |       |    16 |       |     3 ||    19
         Great mace        |       |       |       |       |       |       |   647 |  1351 |  4914 ||  6912
         Unarmed           |       |       |       |       |       |       |       |       |     6 ||     6
   Fire: Sling             |     9 |    40 |       |       |       |       |       |       |       ||    49
         Shortbow          |       |     2 |       |       |       |       |       |       |       ||     2
         Orcbow            |       |       |    37 |    76 |   163 |       |       |       |       ||   276
         Arbalest          |       |       |       |       |    72 |   341 |    65 |    69 |    32 ||   579
  Throw: Boomerang         |       |       |     3 |     5 |    23 |    25 |   165 |   100 |   304 ||   625
         Dart              |       |       |       |    28 |    15 |    11 |       |     2 |    13 ||    69
         Javelin           |       |       |       |       |       |       |     3 |     5 |    51 ||    59
         Throwing net      |       |       |       |       |       |       |       |       |     5 ||     5
   Cast: Passage of Golubr |       |       |       |       |       |       |       |       |     1 ||     1
 Invoke: Vitalisation      |       |       |     1 |     2 |       |     4 |     2 |     1 |     8 ||    18
         Recite            |       |       |       |     3 |     7 |    43 |    50 |    36 |   119 ||   258
         Sanctuary         |       |       |       |       |     3 |     2 |     2 |     3 |     9 ||    19
         Imprison          |       |       |       |       |       |       |     1 |       |     4 ||     5
         Cleansing Flame   |       |       |       |       |       |       |       |       |    17 ||    17
         Divine Shield     |       |       |       |       |       |       |       |       |     3 ||     3
         Summon Divine War |       |       |       |       |       |       |       |       |     2 ||     2
         Brand Weapon With |       |       |       |       |       |       |       |       |     1 ||     1
Ability: Dig               |       |       |     3 |     6 |     3 |     5 |     2 |     6 |     5 ||    30
         Shaft Self        |       |       |     1 |       |       |     1 |     1 |     3 |     1 ||     7
  Evoke: Wand              |       |       |       |     2 |     5 |    42 |    28 |    14 |    35 ||   126
         Phantom mirror    |       |       |       |       |     1 |     1 |       |     1 |     1 ||     4
         Condenser vane    |       |       |       |       |       |     2 |     3 |     2 |     6 ||    13
         Phial of floods   |       |       |       |       |       |       |       |       |     3 ||     3
    Use: Scroll            |       |       |     2 |    14 |     4 |    15 |     9 |     4 |    27 ||    75
         Potion            |       |       |       |       |     1 |     4 |     2 |     4 |    43 ||    54
   Stab: Invisible         |       |       |       |     7 |     2 |     3 |     7 |     4 |    12 ||    35
         Confused          |       |       |       |       |     1 |    20 |    29 |    26 |    49 ||   125
         Sleeping          |       |       |       |       |     1 |       |       |       |     1 ||     2
         Paralysed         |       |       |       |       |       |     4 |       |     3 |     5 ||    12
         Distracted        |       |       |       |       |       |     1 |     2 |     1 |     2 ||     6
         Held in net/web   |       |       |       |       |       |       |       |       |     1 ||     1
         Petrified         |       |       |       |       |       |       |       |       |     1 ||     1
 Armour: Scale mail        |    42 |    66 |    86 |   160 |   144 |       |       |       |       ||   498
         Ring mail         |       |       |       |       |   131 |    56 |       |       |       ||   187
         Chain mail        |       |       |       |       |       |   324 |   508 |   417 |   161 ||  1410
         Gold dragon scale |       |       |       |       |       |       |       |       |  2033 ||  2033
         Skin              |       |       |       |       |       |       |       |       |     8 ||     8
  Dodge: Dodged            |    42 |    55 |   124 |   247 |   326 |   352 |   441 |   414 |  2364 ||  4365
  Block: Buckler           |    22 |    27 |    62 |    51 |       |       |       |       |       ||   162
         Kite shield       |       |       |       |   191 |   488 |   585 |   785 |   743 |   274 ||  3066
         Reflection        |       |       |       |       |    15 |    75 |    32 |    27 |     8 ||   157
         Tower shield      |       |       |       |       |       |       |       |       |  5264 ||  5264

Table legend: (Time is in decaauts)
 A = Elapsed time spent in this place.
 B = Non-inter-level travel time spent in this place.
 C = Inter-level travel time spent in this place.
 D = Time resting spent in this place.
 E = Time spent auto-exploring this place.
 F = Levels seen in this place.
 G = Mean time per level.
                   A        B        C        D        E       F      G
               +--------+--------+--------+--------+--------+-----+--------+
         Total |  88002 |  76477 |  11525 |    757 |  50453 |  93 |  946.3 |
       Dungeon |  18797 |  15197 |   3600 |     46 |  11112 |  15 | 1253.1 |
        Temple |    206 |    179 |     27 |      0 |    171 |   1 |  206.0 |
          Lair |   7350 |   6049 |   1301 |      6 |   4105 |   5 | 1470.0 |
        Shoals |   5895 |   5372 |    523 |     18 |   3710 |   4 | 1473.8 |
     Snake Pit |   7697 |   7109 |    588 |     68 |   5186 |   4 | 1924.2 |
    Slime Pits |   4804 |   4352 |    452 |    268 |   2599 |   5 |  960.8 |
  Orcish Mines |   2100 |   1740 |    360 |      0 |   1073 |   2 | 1050.0 |
   Elven Halls |   3754 |   3373 |    381 |      0 |   2353 |   3 | 1251.3 |
        Vaults |   9268 |   8017 |   1251 |      0 |   5528 |   5 | 1853.6 |
         Crypt |   3026 |   2818 |    208 |      0 |   1696 |   3 | 1008.7 |
          Tomb |    903 |    834 |     69 |      0 |    523 |   1 |  903.0 |
        Depths |   7788 |   5695 |   2093 |      0 |   3875 |   4 | 1947.0 |
          Hell |    701 |    655 |     46 |      0 |    359 |   1 |  701.0 |
       Cocytus |     95 |     95 |      0 |      0 |      0 |   2 |   47.5 |
           Zot |   7733 |   7113 |    620 |    209 |   4513 |   5 | 1546.6 |
         Abyss |    866 |    866 |      0 |      0 |    145 |   4 |  216.5 |
   Pandemonium |   5096 |   5096 |      0 |    141 |   2532 |  14 |  364.0 |
      Ziggurat |   1251 |   1251 |      0 |      0 |    612 |  13 |   96.2 |
      Ice Cave |    461 |    461 |      0 |      0 |    262 |   1 |  461.0 |
    Desolation |    202 |    202 |      0 |      0 |     96 |   1 |  202.0 |
               +--------+--------+--------+--------+--------+-----+--------+

Top non-repeatable levels by time:
    D:11: 2382 daAuts
Depths:2: 2243 daAuts
 Snake:4: 2208 daAuts
Vaults:2: 2161 daAuts
Depths:1: 2110 daAuts
    D:14: 2058 daAuts
 Snake:3: 2057 daAuts
Shoals:4: 2000 daAuts
Vaults:1: 1991 daAuts
  Lair:4: 1923 daAuts
Vaults:4: 1919 daAuts
   Zot:5: 1904 daAuts
Depths:3: 1897 daAuts
 Snake:2: 1827 daAuts
Vaults:5: 1735 daAuts
